Map: Newkirk Precinct TE (Void)

Players

Scarlett

  • Race: Zerg Zerg
  • Spawn Location: 7:00

Nerchio - Winner!

  • Race: Zerg Zerg
  • League: Grandmaster
  • Spawn Location: 5:00

Event: NationWars IV

VOD

Have the link to the VOD?

Description

Time

  • Played on: Jan. 21, 2017, 11:48 a.m.
  • Length: 17:35
Show
View Real Time Build Order
Export as new Build Order

Scarlett Zerg 

Build Orders: Hatch First 

Get SALT Encoding   

  12  0:00  Drone  
  13  0:13  Overlord  
  13  0:18  Drone  
  14  0:31  Drone x2  
  16  0:38  Drone  
  17  0:52  Hatchery  
  17  0:55  Drone  
  17  0:59  Drone  
  17  1:03  Extractor  
  17  1:14  Spawning Pool  
  17  1:17  Drone  
  17  1:21  Drone  
  18  1:28  Drone  
  19  1:39  Overlord  
  19  1:51  Drone  
  20  2:02  Queen  
  20  2:03  Zergling x2, Metabolic Boost  
  20  2:04  Queen  
  20  2:08  Zergling x2  
  26  2:27  Drone x2  
  26  2:28  Drone  
  29  2:31  Drone, Evolution Chamber  
  29  2:38  Drone  
  29  2:39  Drone  
  29  2:42  Queen  
  33  2:47  Overlord  
  33  2:52  Drone  
  33  2:55  Drone  
  33  2:58  Zerg Melee Weapons Level 1  
  35  3:05  Drone  
  36  3:12  Zergling x4, Drone x3  
  41  3:14  Zergling x2  
  41  3:19  Drone  
  43  3:26  Overlord  
  43  3:27  Drone  
  43  3:37  Lair  
  43  3:43  Zergling x4, Spine Crawler  
  43  3:46  Baneling Nest, Zergling x4  
  45  3:55  Zergling x2  
  45  3:56  Zergling x8  
  45  4:01  Spine Crawler  
  47  4:13  Evolution Chamber  
  44  4:17  Zergling x2  
  44  4:18  Zergling x6, Queen  
  44  4:21  Spine Crawler  
  44  4:22  Zergling x2  
  49  4:31  Baneling x2  
  49  4:33  Overlord, Baneling x2  
  49  4:36  Zergling x2  
  49  4:37  Baneling x2  
  50  4:42  Drone x2  
  50  4:44  Extractor  
  51  4:50  Spine Crawler  
  50  4:54  Overlord  
  50  4:55  Drone  
  51  5:01  Drone  
  50  5:07  Drone  
  50  5:09  Drone  
  52  5:15  Drone  
  52  5:17  Drone x2  
  52  5:19  Drone  
  52  5:20  Zerg Melee Weapons Level 2  
  56  5:23  Drone  
  58  5:34  Drone x3  
  57  5:49  Queen x2  
  53  6:03  Drone x6  
  49  6:09  Drone x3  
  50  6:11  Spire  
  50  6:18  Zergling x4  
  50  6:19  Baneling x4  
  51  6:29  Drone x4  
  55  6:34  Drone x2  
  57  6:41  Drone  
  57  6:42  Drone x2  
  57  6:43  Extractor, Zerg Ground Armor Level 1  
  57  6:44  Extractor  
  58  6:48  Queen  
  58  6:50  Baneling  
  58  6:52  Spine Crawler  
  59  6:59  Drone x2  
  59  7:00  Drone x2  
  63  7:03  Overlord x2  
  63  7:04  Zergling x2  
  63  7:05  Zergling x2  
  65  7:16  Overlord  
  65  7:31  Mutalisk x3  
  65  7:36  Zergling x10  
  65  7:37  Zergling x6  
  79  7:38  Mutalisk  
  81  7:44  Infestation Pit  
  79  7:57  Mutalisk  
  75  8:02  Zergling x2  
  75  8:03  Zergling x10  
  75  8:04  Queen  
  79  8:14  Zergling x8  
  80  8:23  Mutalisk  
  80  8:25  Mutalisk  
  82  8:30  Mutalisk  
  82  8:32  Zergling x6  
  86  8:35  Hatchery  
  86  8:37  Hive  
  83  8:51  Mutalisk  
  83  8:52  Mutalisk  
  86  9:01  Drone  
  86  9:02  Drone x5  
  92  9:15  Extractor  
  92  9:16  Overlord x2, Drone x2  
  91  9:20  Extractor  
  91  9:22  Overlord  
  91  9:24  Overseer  
  90  9:25  Overlord  
  90  9:26  Drone  
  90  9:29  Zerg Ground Armor Level 2  
  91  9:36  Drone  
  91  9:37  Drone x2  
  94  9:43  Drone x3  
  97  9:51  Ultralisk Cavern  
  96  9:58  Zergling x16  
  103  10:04  Drone x2  
  103  10:05  Drone  
  106  10:16  Hatchery  
  105  10:25  Queen  
  103  10:32  Adrenal Glands  
  98  10:37  Drone  
  98  10:39  Drone  
  98  10:40  Drone x6, Overseer  
  94  10:45  Chitinous Plating  
  93  10:52  Overseer  
  89  11:00  Ultralisk  
  93  11:04  Centrifical Hooks  
  93  11:08  Zergling x4  
  95  11:14  Baneling x11  
  95  11:17  Zergling x8  
  99  11:19  Zergling x2  
  93  11:31  Ultralisk, Zergling x6  
  84  11:35  Zergling x2  
  84  11:37  Zergling x2  
  85  11:41  Zergling x4  
  65  11:57  Ultralisk, Zergling x4  
  72  12:04  Infestor  
  72  12:08  Zergling x8  
  78  12:17  Queen  
  80  12:26  Hatchery  
  80  12:27  Infestor  
  81  12:30  Drone  
  82  12:37  Zergling x12  
  82  12:38  Extractor, Zergling x4  
  89  12:45  Baneling x2  
  89  12:46  Baneling x2  
  89  12:49  Ultralisk  
  90  13:14  Swarm Host, Ultralisk  
  90  13:15  Zergling x12  
  102  13:21  Drone  
  103  13:29  Zergling x4  
  103  13:30  Baneling x7  
  105  13:38  Zergling x2  
  105  13:39  Zergling x4  
  108  13:44  Zergling x2  
  109  13:55  Zergling x6  
  98  14:00  Ultralisk, Zergling x2  
  81  14:04  Zergling x2  
  81  14:05  Zergling x2  
  82  14:11  Infestor  
  84  14:17  Infestor  
  85  14:28  Zergling x14  
  86  14:36  Ultralisk  
  92  14:47  Drone  
  92  15:00  Ultralisk  
  93  15:07  Hatchery  
  93  15:12  Drone x4  
  93  15:13  Extractor  
  95  15:15  Drone  
  95  15:16  Drone  
  95  15:18  Drone  
  98  15:23  Infestor  
  100  15:37  Zergling x8  
  100  15:38  Zergling x2  
  105  15:43  Overseer  
  104  16:06  Drone  
  104  16:07  Overlord x2, Drone  
  106  16:26  Ultralisk  
  112  16:34  Ultralisk  
  112  16:37  Overlord  
  118  16:52  Ultralisk, Zergling x2  
  118  16:53  Zergling x2  
  119  17:09  Baneling  
  119  17:10  Baneling x4  
Show
View Real Time Build Order
Export as new Build Order

Nerchio Zerg - Winner!

Build Orders: Pool First, Zergling Baneling 

Get SALT Encoding   

  12  0:00  Drone  
  13  0:13  Overlord  
  13  0:18  Drone  
  14  0:31  Drone x2  
  14  0:35  Drone  
  17  0:45  Spawning Pool  
  17  0:49  Drone  
  17  1:10  Hatchery  
  16  1:13  Drone  
  16  1:15  Extractor  
  16  1:18  Drone  
  16  1:22  Drone  
  18  1:32  Queen  
  18  1:36  Zergling x2  
  21  1:42  Drone  
  22  1:49  Overlord  
  22  2:08  Drone, Queen  
  23  2:12  Drone  
  23  2:14  Metabolic Boost  
  26  2:23  Drone x2  
  28  2:33  Drone  
  28  2:34  Drone  
  30  2:38  Baneling Nest  
  30  2:40  Zergling x2  
  30  2:42  Drone  
  31  2:44  Zergling x4  
  31  2:49  Overlord  
  33  2:56  Zergling x2  
  34  3:00  Zergling x2  
  35  3:05  Zergling x2  
  35  3:11  Zergling x2  
  37  3:16  Zergling x4  
  37  3:17  Zergling x4  
  41  3:21  Baneling x2  
  41  3:22  Zergling x2  
  41  3:23  Zergling x4  
  43  3:27  Overlord  
  43  3:36  Overlord  
  43  3:46  Hatchery  
  43  3:48  Drone  
  43  3:55  Drone x3  
  45  3:56  Baneling  
  45  3:57  Drone  
  45  4:00  Drone  
  46  4:03  Drone  
  46  4:09  Drone  
  46  4:10  Evolution Chamber  
  46  4:13  Drone, Baneling  
  46  4:17  Zergling x4  
  46  4:19  Zergling x2  
  46  4:21  Baneling  
  46  4:22  Baneling  
  48  4:28  Zergling x6  
  51  4:37  Zerg Melee Weapons Level 1  
  51  4:41  Overlord, Queen  
  53  4:46  Baneling x2  
  53  4:49  Drone  
  53  4:50  Drone x2  
  56  4:55  Spine Crawler  
  55  5:04  Drone  
  55  5:05  Drone x3  
  55  5:06  Spine Crawler  
  57  5:14  Drone x3, Baneling x2  
  57  5:15  Drone  
  57  5:16  Drone  
  57  5:18  Baneling  
  57  5:19  Baneling x2  
  57  5:21  Zergling x2  
  63  5:29  Zergling x10  
  63  5:31  Zergling x2  
  63  5:35  Zergling x2  
  69  5:42  Overlord x2  
  68  5:51  Zergling x10  
  68  5:53  Baneling x2  
  68  5:54  Zergling x2  
  70  5:59  Zergling x2  
  70  6:00  Queen  
  70  6:01  Queen  
  68  6:09  Zergling x12  
  72  6:11  Extractor  
  71  6:19  Spine Crawler  
  71  6:23  Zergling x2  
  71  6:24  Zergling x6  
  73  6:31  Extractor  
  73  6:32  Overlord  
  72  6:36  Drone x2  
  72  6:37  Drone x2, Baneling  
  73  6:40  Drone x2  
  73  6:41  Drone x2  
  73  6:42  Zerg Ground Armor Level 1  
  73  6:45  Evolution Chamber  
  76  6:48  Roach Warren  
  76  6:50  Drone  
  76  6:54  Drone x2  
  78  6:59  Drone x3  
  81  7:04  Lair  
  80  7:19  Drone  
  80  7:20  Drone x7  
  80  7:21  Overlord  
  87  7:23  Extractor x2  
  87  7:24  Extractor  
  87  7:27  Drone x4  
  88  7:30  Drone  
  88  7:31  Drone x2  
  88  7:34  Zerg Missile Weapons Level 1  
  88  7:35  Drone  
  92  7:37  Drone  
  92  7:38  Drone  
  92  7:41  Drone x2  
  92  7:43  Drone  
  97  7:44  Drone  
  92  7:59  Roach  
  92  8:00  Roach x6  
  92  8:03  Roach  
  92  8:04  Roach  
  92  8:05  Roach  
  106  8:11  Overlord  
  106  8:16  Overlord  
  104  8:20  Spore Crawler  
  104  8:22  Overlord x2  
  104  8:25  Spore Crawler  
  104  8:26  Spore Crawler  
  100  8:28  Overlord  
  98  8:34  Queen x2  
  98  8:36  Glial Reconstitution, Spore Crawler  
  98  8:37  Infestation Pit  
  98  8:38  Spore Crawler  
  98  8:40  Zergling x2  
  98  8:41  Zergling x4  
  101  8:43  Zergling x4  
  101  8:45  Zergling x4  
  102  8:49  Zergling x6  
  102  8:52  Queen  
  106  8:56  Zerg Melee Weapons Level 2  
  106  9:02  Spore Crawler  
  102  9:11  Burrow  
  102  9:13  Hydralisk Den  
  102  9:15  Zergling x16  
  109  9:25  Queen  
  109  9:27  Queen  
  109  9:28  Overlord x2  
  113  9:35  Pathogen Glands  
  113  9:38  Unknown  
  113  9:44  Spore Crawler  
  112  9:46  Drone  
  112  9:49  Muscular Augments, Hydralisk x3  
  119  9:53  Hydralisk  
  119  9:56  Hydralisk  
  119  9:58  Hydralisk  
  125  10:08  Hatchery  
  122  10:14  Infestor x2  
  122  10:18  Hydralisk  
  128  10:23  Hydralisk  
  129  10:34  Hydralisk  
  128  10:37  Hydralisk x2  
  127  10:45  Unknown  
  127  10:46  Hydralisk x3  
  127  10:52  Hive  
  127  10:55  Hydralisk  
  129  10:57  Overlord x3  
  129  10:59  Overlord x2  
  129  11:03  Overlord x2  
  127  11:10  Overlord  
  127  11:11  Tunneling Claws  
  126  11:20  Roach x5  
  132  11:26  Roach x2  
  132  11:27  Roach  
  132  11:28  Roach  
  132  11:29  Roach  
  132  11:31  Roach  
  142  11:33  Roach  
  142  11:39  Ravager x2  
  147  11:40  Ravager  
  147  11:42  Roach x2  
  147  11:43  Roach x2  
  147  11:46  Roach  
  155  11:48  Roach  
  155  11:50  Roach  
  133  11:55  Hydralisk  
  133  11:56  Hydralisk  
  128  12:04  Hydralisk x3  
  128  12:07  Hydralisk  
  133  12:08  Ravager  
  131  12:16  Zerg Missile Weapons Level 2  
  131  12:19  Zerg Ground Armor Level 2  
  131  12:21  Ravager x3  
  134  12:23  Ravager  
  134  12:25  Infestor  
  137  12:34  Infestor x2  
  141  12:38  Roach x3  
  141  12:39  Roach  
  148  12:45  Roach x3  
  148  12:47  Roach x3  
  148  12:48  Roach  
  148  12:49  Roach x3  
  148  12:50  Roach  
  158  12:52  Roach  
  158  12:53  Unknown x2, Roach  
  158  12:55  Hydralisk  
  166  12:58  Roach  
  166  13:00  Hydralisk  
  166  13:04  Hydralisk  
  170  13:10  Hydralisk x2  
  158  13:14  Drone x4  
  158  13:18  Drone  
  150  13:21  Drone  
  150  13:25  Unknown x2, Hydralisk  
  149  13:28  Hydralisk  
  149  13:36  Lurker Den  
  149  13:42  Roach  
  151  13:51  Roach x2  
  151  13:54  Roach x2  
  135  13:57  Roach  
  135  13:59  Roach  
  135  14:02  Roach  
  118  14:05  Roach  
  118  14:06  Unknown x3  
  114  14:10  Ravager x2  
  114  14:11  Ravager, Hydralisk  
  114  14:15  Hydralisk  
  121  14:19  Infestor  
  121  14:25  Infestor  
  121  14:27  Roach  
  121  14:29  Ravager x2  
  125  14:37  Zerg Missile Weapons Level 3  
  125  14:43  Drone x4  
  129  14:49  Infestor  
  129  14:52  Infestor  
  130  15:10  Roach  
  130  15:11  Roach x6  
  130  15:13  Roach  
  146  15:16  Roach  
  146  15:21  Roach x2  
  152  15:23  Roach  
  152  15:25  Roach  
  152  15:28  Roach  
  158  15:30  Roach  
  158  15:32  Roach  
  162  15:46  Hatchery  
  161  15:50  Lurker x2  
  161  15:51  Lurker  
  161  15:53  Drone x2  
  161  15:56  Hydralisk  
  168  15:57  Hydralisk  
  168  16:00  Hydralisk  
  172  16:04  Overseer  
  172  16:08  Hydralisk  
  174  16:11  Hydralisk  
  174  16:14  Drone  
  174  16:15  Extractor, Drone x2  
  174  16:16  Roach  
  180  16:19  Roach  
  180  16:21  Roach  
  180  16:23  Unknown, Roach  
  186  16:28  Roach  
  188  16:34  Roach x2  
  188  16:37  Roach x2  
  196  16:40  Spine Crawler  
  196  16:45  Roach x5  
  195  16:56  Hydralisk x2  
  199  17:10  Overlord  
Tags
 
Add a new tag
Caveats
  • Supply blocks, unpowered buildings, or Contaminate may cause inaccurate times.
  • Supply counts are checked every 10 seconds.